AoeStats
← Ken

Black Forest

507498040Analyzed
4v4 RM · 14d ago on Sep 18, 2026· 40m 50s· 8 players
Game mode
Random Map
Map size
Large (8 player)
Population
200
Speed
Normal
Resources
Standard
Victory
Conquest
Starting age
Dark Age
Ending age
Imperial Age
RankedLock teamsTeams togetherTeam positionsShared explorationLock speedFull tech treeHidden civsTurbo modeCheats
Victory
Defeat
🇮🇳 Japanese · India
1102
+13
🇨🇱 Mapuche · Chile
1099
+13
🇻🇳 Aztecs · Vietnam
1092
+14
🇨🇳 Britons · China
986
+18
🇭🇰 Mongols · Hong Kong SAR China
1060
-15
🇺🇸 Bohemians · United States
1043
-15
🇨🇳 Franks · China
1031
-14
🇬🇧 Byzantines · United Kingdom
1014
-14
KesarKeri
0:27 Loom
14:53 Feudal Age
15:28 Double-Bit Axe
15:24 Horse Collar
18:04 Wheelbarrow
21:58 Castle Age
22:39 Fletching
23:46 Bow Saw
23:39 Heavy Plow
24:21 Hand Cart
24:34 Bodkin Arrow
27:32 Chemistry
27:40 Ballistics
32:09 Fortified Wall
35:12 Imperial Age
39:29 Padded Archer Armor
40:40 Bracer
TheTitanicSwimTeam
9:28 Loom
14:49 Feudal Age
15:36 Double-Bit Axe
18:36 Castle Age
16:46 Horse Collar
20:39 Bow Saw
20:32 Heavy Plow
21:48 Wheelbarrow
24:38 Fervor
27:30 Hand Cart
32:17 Imperial Age
30:07 Caravan
31:17 Ballistics
31:07 Scale Barding Armor
31:39 Husbandry
32:04 Treadmill Crane
32:14 Pikeman
32:55 Squires
34:15 Chemistry
33:50 Conscription
33:38 Onager
36:34 Two-Man Saw
35:43 Padded Archer Armor
35:07 Elite Skirmisher
37:00 Leather Archer Armor
36:38 Fletching
37:07 Cavalier
38:58 Chain Barding Armor
40:53 Plate Barding Armor
自古多情空餘恨
1:21 Loom
13:37 Feudal Age
14:25 Horse Collar
14:30 Double-Bit Axe
16:44 Wheelbarrow
25:13 Castle Age
24:10 Gold Mining
24:13 Stone Mining
26:21 Bow Saw
26:13 Heavy Plow
26:50 Stone Shaft Mining
26:52 Gold Shaft Mining
32:14 Hand Cart
36:55 Imperial Age
34:33 Caravan
35:04 Coinage
34:47 Scale Barding Armor
34:53 Forging
35:26 Hand Cart
35:47 Light Cavalry
36:37 Bloodlines
36:28 Husbandry
37:41 Chain Barding Armor
37:56 Hussar
Ken
0:52 Loom
13:09 Feudal Age
14:44 Double-Bit Axe
18:36 Castle Age
22:15 Bow Saw
29:20 Wheelbarrow
34:53 Imperial Age
32:45 Scale Barding Armor
32:50 Forging
33:23 Husbandry
33:20 Gold Mining
33:22 Stone Mining
34:43 Chain Barding Armor
35:37 Hand Cart
36:10 Conscription
36:29 Iron Casting
36:27 Chivalry
37:38 Plate Barding Armor
37:16 Cavalier
38:59 Blast Furnace
39:30 #83
YOU B4STARD!
0:38 Loom
13:25 Feudal Age
17:24 Castle Age
15:27 Horse Collar
15:34 Double-Bit Axe
24:06 Bow Saw
27:39 Wheelbarrow
27:15 Heavy Plow
30:05 Hand Cart
29:56 Gold Mining
30:03 Stone Mining
31:22 Fletching
34:53 Imperial Age
33:26 Town Watch
34:13 Caravan
34:31 Bodkin Arrow
35:31 Gold Shaft Mining
35:01 Padded Archer Armor
35:17 Town Patrol
35:58 Conscription
35:48 Elite Longbowman
36:51 Yeomen
36:40 Onager
38:36 Bracer
40:25 Ballistics
41:06 Chemistry
40:12 Siege Engineers
Oskar "HighBridge"
0:54 Loom
11:43 Feudal Age
12:12 Horse Collar
12:23 Double-Bit Axe
17:01 Castle Age
15:34 Horse Collar
18:14 Bow Saw
20:01 Wheelbarrow
20:08 Heavy Plow
23:12 Hand Cart
25:13 Gold Mining
29:33 Imperial Age
27:12 Fletching
27:23 Padded Archer Armor
28:04 Ballistics
28:38 Gold Shaft Mining
28:02 Stone Mining
28:06 Town Watch
30:05 Bodkin Arrow
30:26 Leather Archer Armor
31:05 Elite Bolas Rider
33:38 Town Patrol
33:36 Capped Ram
36:19 Ring Archer Armor
36:48 Conscription
37:58 Butalmapu
38:19 Malon
kw3dsky
0:29 Loom
12:55 Feudal Age
14:27 Town Watch
19:33 Castle Age
17:29 Double-Bit Axe
18:44 Forging
19:42 Gold Mining
19:37 Horse Collar
22:09 Gold Shaft Mining
24:44 Fervor
25:10 Atonement
25:25 Redemption
27:53 Wheelbarrow
27:41 Eagle Warrior
30:11 Scale Mail Armor
31:21 Iron Casting
31:52 Chain Mail Armor
33:31 Squires
38:12 Imperial Age
35:35 Pikeman
36:44 Bow Saw
36:36 Heavy Plow
38:25 Hand Cart
38:31 Capped Ram
39:53 Elite Eagle Warrior
RiGhT
12:38 Feudal Age
16:18 Castle Age
14:11 Double-Bit Axe
14:22 Horse Collar
20:13 Bow Saw
26:24 Wheelbarrow
25:57 Loom
26:56 Gold Mining
28:01 Hand Cart
29:00 Heavy Plow
32:01 Imperial Age
29:42 Scale Mail Armor
29:57 Forging
30:42 Gold Shaft Mining
29:40 Man-at-Arms
30:06 Gambesons
30:21 Squires
30:07 Arson
31:10 Chain Mail Armor
30:47 Stone Mining
30:37 Long Swordsman
31:55 Iron Casting
31:37 Town Watch
31:34 Pikeman
32:32 Fletching
33:36 Plate Mail Armor
32:28 Two-Handed Swordsman
32:29 Halberdier
34:57 Blast Furnace
33:53 Bodkin Arrow
33:30 Champion
33:34 Capped Ram
36:26 Yasama
36:47 Conscription
37:07 Hoardings
36:59 Ballistics
37:41 Chemistry
36:26 Arrowslits
36:22 Treadmill Crane
36:33 Guard Tower
36:39 Murder Holes
36:54 Masonry
36:50 Siege Engineers
Connection lost

Rejoining the realm…

Still unreachable

The connection could not be restored.

Session expired

The server has moved on; the page needs a fresh start.